 Dungeon Crawl Stone Soup version 0.20.0-15-g7f486f2 (webtiles) character file.

23 Zachthehappycat the Gusty (level 3, 0/28 HPs)
             Began as a Tengu Air Elementalist on June 29, 2017.
             Slain by an adder (2 damage)
             ... on level 2 of the Dungeon.
             The game lasted 00:03:53 (1484 turns).

Zachthehappycat the Gusty (Tengu Air Elementalist)  Turns: 1484, Time: 00:03:54

Health: 0/28       AC:  2    Str: 11    XL:     3   Next: 0%
Magic:  7/7        EV: 13    Int: 17    God:
Gold:   27         SH:  0    Dex: 13    Spells: 5/6 levels left

rFire    . . .     SeeInvis .   g - +0 dagger (vamp)
rCold    . . .     Gourm    .   (no shield)
rNeg     . . .     Faith    .   a - +0 robe
rPois    .         Spirit   .   (helmet restricted)
rElec    .         Reflect  .   (no cloak)
rCorr    .         Harm     .   (no gloves)
MR       .....                  (boots unavailable)
Stlth    ..........             (no amulet)
Regen    0.1/turn               (no ring)
MPRegen  0.1/turn               (no ring)

@: berserking, lethally poisoned (0 -> -3), very quick
A: beak, talons 3, clever 1, clumsy 1, weak 1
a: no special abilities


You were on level 2 of the Dungeon.
You were not hungry.

You visited 1 branch of the dungeon, and saw 2 of its levels.

You collected 27 gold pieces.

Inventory:

Hand Weapons
 e - a +0 hand axe
 g - a +0 vampiric dagger (weapon)
Missiles
 d - 76 stones (quivered)
 k - 18 arrows
 l - 3 needles of sleeping
Armour
 a - a +0 robe (worn)
Scrolls
 i - a scroll of teleportation {unknown}
Potions
 c - a potion of curing {unknown}
Books
 b - a book of Air

   Spells                             Type                      Level
   a - Shock                          Conjuration/Air              1
   b - Swiftness                      Charms/Air                   2
   c - Static Discharge               Conjuration/Air              3
   d - Airstrike                      Air                          4
   e - Lightning Bolt                 Conjuration/Air              5
Comestibles
 j - a meat ration


   Skills:
 + Level 0.2 Fighting
 + Level 0.2 Short Blades
 + Level 2.4 Dodging
 + Level 2.3 Stealth
 + Level 2.2 Spellcasting
 + Level 1.7 Conjurations
 + Level 4.5 Air Magic


You had 5 spell levels left.
You knew the following spells:

 Your Spells              Type           Power        Failure   Level  Hunger
a - Shock                 Conj/Air       ##..         5%          1    #......


Dungeon Overview and Level Annotations

Branches:
Dungeon (2/15)

Altars:


Innate Abilities, Weirdness & Mutations

You have a beak for a mouth.
You have claws for feet.
Your mind is acute. (Int +2)
You are clumsy. (Dex -2)
You are weak. (Str -2)


Message History

The adder is heavily wounded.
The goblin closely misses you. The adder bites you. The rat barely misses you.
You hit the adder but do no damage. Your kick misses the adder.
The adder is heavily wounded.
* * * LOW HITPOINT WARNING * * *
You feel sick. The adder barely misses you. The goblin barely misses you.
The rat misses you.
It was a potion of mutation.
You feel extremely strange.
You feel weaker.
You feel clumsy.
You feel clever. The adder misses you. The goblin hits you but does no damage.
The adder bites you.
* * * LOW HITPOINT WARNING * * *
The rat bites you.
* * * LOW HITPOINT WARNING * * *
It was a potion of berserk rage.
A red film seems to cover your vision as you go berserk!
You feel yourself moving faster!
You feel mighty!
* * * LOW HITPOINT WARNING * * *
You feel sick. The adder bites you.
You die...

#.......#
#....$..#
#.......#
#.......#
#.......#
#.......#
#.gSr...#
#..@....#
#.......#
#.......#
#.<.....#
#.......#
##+######


You could see an adder, a goblin and a rat.

Vanquished Creatures
  A dart slug (D:1)
  6 bats (D:1)
  A giant cockroach (D:1)
  4 goblins (D:1)
  A hobgoblin (D:1)
  2 kobolds (D:1)
  A frilled lizard (D:1)
  4 rats (D:1)
20 creatures vanquished.

Notes
Turn   | Place    | Note
-------+----------+-------------------------------------------
     0 | D:1      | Zachthehappycat the Tengu Air Elementalist began the quest for the Orb.
     0 | D:1      | Reached XP level 1. HP: 10/10 MP: 4/4
   214 | D:1      | Reached XP level 2. HP: 12/15 MP: 6/6
  1173 | D:1      | Reached XP level 3. HP: 11/19 MP: 7/7
  1483 | D:2      | Gained mutation: You are weak. (Str -2) [potion of mutation]
  1483 | D:2      | Gained mutation: You are clumsy. (Dex -2) [potion of mutation]
  1483 | D:2      | Gained mutation: Your mind is acute. (Int +2) [potion of mutation]
  1484 | D:2      | Slain by an adder

Action                   || total
-------------------------++-------
Melee: Dagger            ||    67
       Kick              ||    10
       Peck              ||    11
       Hand axe          ||     1
  Use: Scroll            ||     1
       Potion            ||     2
 Stab: Sleeping          ||     1
  Eat: Meat ration       ||     1
       Bread ration      ||     1
Armor: Robe              ||    19
Dodge: Dodged            ||   100
